 Dungeon Crawl Stone Soup version 0.29-a0-892-g2c4c91d9db (webtiles) character file.

Game seed: 15468380294409151563

41 Infernotoast the Conjurer (level 3, -3/26 HPs)
             Began as a Draconian Conjurer on July 22, 2022.
             Slain by a worm (7 damage)
             ... on level 2 of the Dungeon.
             The game lasted 00:09:58 (1108 turns).

Infernotoast the Conjurer (Draconian Conjurer)      Turns: 1108, Time: 00:09:58

Health: -3/26      AC:  5    Str:  9    XL:     3   Next: 32%
Magic:  0/6        EV: 12    Int: 20    God:
Gold:   59         SH:  0    Dex:  9    Spells: 0/6 levels left

rFire   . . .      SeeInvis .   d - +0 dagger
rCold   . . .      Faith    .   (no shield)
rNeg    . . .      Spirit   .   (body armour unavailable)
rPois   .          Reflect  .   (helmet restricted)
rElec   .          Harm     .   (no cloak)
rCorr   .          Rampage  .   (no gloves)
Will    .....                   (no boots)
Stlth   ++........              (no amulet)
HPRegen 0.08/turn               (no ring)
MPRegen 0.10/turn               (no ring)

@: no status effects
A: AC +5, unfitting armour, cold-blooded
a: no special abilities


You were on level 2 of the Dungeon.
You visited 1 branch of the dungeon, and saw 2 of its levels.

You collected 59 gold pieces.

Inventory:

Hand Weapons
 d - a +0 dagger (weapon)
Scrolls
 b - a scroll of magic mapping {unknown}
 c - 5 scrolls of identify {unknown}
 f - a scroll of amnesia {unknown}
Potions
 a - 3 potions of magic
 e - a potion of might {unknown}
 g - 2 potions of haste {unknown}


   Skills:
 + Level 2.0 Dodging
 + Level 1.9 Stealth
 + Level 2.2 Spellcasting
 * Level 4.8 Conjurations


You couldn't memorise any spells.
You knew the following spells:

 Your Spells              Type           Power      Damage    Failure   Level
a - Magic Dart            Conj           84%        1d7       2%          1
b - Searing Ray           Conj           42%        2d6       3%          2
c - Dazzling Flash        Conj/Hex       22%        N/A       17%         3

Your spell library contained the following spells:

 Spells                   Type           Power      Damage    Failure   Level
 Fulminant Prism          Conj/Hex       5%         3d7       50%         4
 Iskenderun's Mystic Bla  Conj/Tloc      11%        2d4       50%         4
 Airstrike                Air            1%         0-2+      83%         4
 Summon Lightning Spire   Summ/Air       2%         N/A       83%         4
 Lightning Bolt           Conj/Air       5%         1d17      85%         5


Dungeon Overview and Level Annotations

Branches:
Dungeon (2/15)

Altars:


Innate Abilities, Weirdness & Mutations

Your plain brown scales are hard. (AC +5)
You cannot fit into any form of body armour.
You are cold-blooded and may be slowed by cold attacks.


Message History

You tail-slap the worm, but do no damage.
The worm is lightly wounded.
You hit the worm.
The worm is lightly wounded.
The worm completely misses you.
You hit the worm. You tail-slap the worm.
The worm is moderately wounded.
You hit the worm. You tail-slap the worm.
The worm is heavily wounded.
The worm bites you!
You hit the worm.
The worm is heavily wounded.
The worm misses you.
You hit the worm.
The worm is heavily wounded.
You hit the worm but do no damage.
The worm is heavily wounded.
The worm bites you!
* * * LOW HITPOINT WARNING * * *
You hit the worm but do no damage. You tail-slap the worm.
The worm is heavily wounded.
Casting: Dazzling Flash (quite dangerous; 17% risk of failure)
Confirm with . or Enter, or press ? or * to list all spells.
Aiming: Searing Ray (safe; 3% risk of failure)
Press: ? - help, Shift-Dir - straight line, f - worm
Aim: a worm (heavily wounded, 92% to hit)
The searing ray hits the worm.
The worm is severely wounded. (Press . to maintain the ray.)
The worm bites you but does no damage.
The searing ray hits the worm.
The worm is severely wounded.
The worm barely misses you.
The searing ray hits the worm.
The worm is almost dead.
You barely miss the worm.
You tail-slap the worm, but do no damage.
The worm is almost dead.
The worm bites you!
You die...

#.# #.# #.# #.# # #.#
#.####### #.#
#.......# #.#
#.....#####.#
#...w@......#
####........###
+..........#
#........#.###
####+###.....# ###..#
#.#.#.# # #....#
#.#.#.#
#.####.#..###.#.#.###
##....................


You could see a worm.

Vanquished Creatures
  An adder (D:2)
  A dart slug (D:2)
  2 endoplasms (D:1)
  A giant cockroach (D:1)
  3 goblins
  3 hobgoblins (D:1)
  A kobold (D:1)
  4 quokkas
  8 bats
  A frilled lizard (D:1)
  2 rats
27 creatures vanquished.

Notes
Turn   | Place    | Note
-------+----------+-------------------------------------------
     0 | D:1      | Infernotoast the Draconian Conjurer began the quest for the
                  | Orb.
     0 | D:1      | Reached XP level 1. HP: 14/14 MP: 3/3
   125 | D:1      | Reached XP level 2. HP: 10/20 MP: 0/5
   128 | D:1      | Learned a level 2 spell: Searing Ray
   725 | D:1      | Found a faded altar of an unknown god.
   930 | D:2      | Reached XP level 3. HP: 26/26 MP: 1/6
  1062 | D:2      | Learned a level 3 spell: Dazzling Flash
  1108 | D:2      | Slain by a worm

Illustrated notes

Levels and vault maps discovered:
D:1:      minmay_arrival_shoal_huts, layout_rooms, basic_ecumenical_altar
D:2:      layout_basic, minmay_crystal_room

Skill      XL: |  1  2 |
---------------+-------+-----
Dodging        | 2 |  2.0
Stealth        | |  1.9
Spellcasting   | |  2.2
Conjurations   | |  4.8

Action                   || total
-------------------------++-------
Melee: Unarmed           ||    34
       Tailslap          ||    10
       Dagger            ||    39
 Cast: Magic Dart        ||    18
       Searing Ray       ||    11
       Dazzling Flash    ||     1
Armor: Skin              ||    31
Dodge: Dodged            ||    53

Table legend: (Time is in decaauts)
 A = Elapsed time spent in this place.
 B = Non-inter-level travel time spent in this place.
 C = Inter-level travel time spent in this place.
 D = Time resting spent in this place.
 E = Time spent auto-exploring this place.
 F = Levels seen in this place.
 G = Mean time per level.
                   A        B        C        D        E       F      G
               +--------+--------+--------+--------+--------+-----+--------+
         Total |   1120 |   1120 |      0 |    620 |      0 |   2 |  560.0 |
       Dungeon |   1120 |   1120 |      0 |    620 |      0 |   2 |  560.0 |
               +--------+--------+--------+--------+--------+-----+--------+

Top non-repeatable levels by time:
     D:1: 925 daAuts
     D:2: 195 daAuts
